 Dungeon Crawl Stone Soup version 0.25-a0-292-gaa31f046c4 (webtiles) character file.

Game seed: 953750432658237397, levelgen mode: deterministic

208 floatRand the Insei (level 5, -5/41 HPs)
             Began as a Demonspawn Monk on Dec 15, 2019.
             Was a Believer of Qazlal.
             Killed by divine providence
             ... invoked by an orc priest
              (9 damage)
             ... on level 4 of the Dungeon.
             The game lasted 00:03:01 (2752 turns).

floatRand the Insei (Demonspawn Monk)               Turns: 2752, Time: 00:03:02

Health: -5/41      AC:  3    Str: 12    XL:     5   Next: 55%
Magic:  0/6        EV: 13    Int: 11    God:    Qazlal [**....]
Gold:   157        SH:  2    Dex: 16    Spells: 4/4 levels left

rFire    . . .     SeeInvis +     - Unarmed
rCold    . . .     Gourm    .   (no shield)
rNeg     . . .     Faith    .   a - +0 robe
rPois    .         Spirit   +   (no helmet)
rElec    .         Reflect  .   (no cloak)
rCorr    .         Harm     .   (no gloves)
MR       .....                  n - +0 pair of boots
Stlth    ++........             e - amulet of guardian spirit
HPRegen  0.13/turn              o - ring of see invisible
MPRegen  0.10/turn              (no ring)

@: no status effects
A: claws 1, foul stench 1, rot immunity
a: Upheaval, Renounce Religion


You were on level 4 of the Dungeon.
You worshipped Qazlal.
Qazlal was pleased with you.
You were not hungry.

You visited 1 branch of the dungeon, and saw 4 of its levels.

You collected 157 gold pieces.

Inventory:

Armour
 a - a +0 robe (worn)
 n - a +0 pair of boots (worn)
Jewellery
 e - an amulet of guardian spirit (around neck)
 o - a ring of see invisible (left claw)
Wands
 j - a wand of iceblast (2)
Scrolls
 d - 6 scrolls of identify {unknown}
 f - 2 scrolls of remove curse {unknown}
 g - 2 scrolls of amnesia {unknown}
 i - a scroll of blinking {unknown}
 l - a scroll of random uselessness {unknown}
 m - a scroll of teleportation {unknown}
 p - a scroll of immolation {unknown}
Potions
 c - 2 potions of flight
 k - a potion of haste {unknown}
Comestibles
 b - 7 rations


   Skills:
 - Level 3.0 Fighting
 - Level 2.6 Dodging
 - Level 1.7 Stealth
 * Level 5.4 Unarmed Combat
 + Level 2.4 Invocations


You had 4 spell levels left.
You didn't know any spells.
Your spell library contained the following spells:

 Spells                   Type           Power        Failure   Level  Hunger
 Confusing Touch          Hex            #.....       34%         1    ##.....
 Confuse                  Hex            #.......     71%         3    ####...
 Gell's Gravitas          Tloc           #.........   71%         3    ####...
 Petrify                  Tmut/Erth      #.......     98%         4    #####..
 Metabolic Englaciation   Hex/Ice        #.........   100%        5    ######.
 Yara's Violent Unravell  Hex/Tmut       #.........   100%        5    ######.


Dungeon Overview and Level Annotations

Branches:
Dungeon (4/15)
 Temple: D:4-7

Altars:
Qazlal
Uskayaw
Vehumet
Wu Jian


Innate Abilities, Weirdness & Mutations

You have sharp fingernails.
You may emit foul miasma when damaged in melee.
You are immune to rotting.


Message History

The orc is engulfed in blazing flames.
You kill the orc!
Qazlal accepts your kill. The orc misses you.
You scratch the orc priest but do no damage.
The orc priest is heavily wounded.
The orc priest hits you with a +0 club. The orc barely misses you.
You barely miss the orc priest.
The orc priest is heavily wounded.
The orc priest mumbles some strange prayers to Beogh against you.
Beogh smites you!
* * * LOW HITPOINT WARNING * * *
You block the orc's attack.
Unknown command.
Unknown command.
You scratch the orc priest.
The orc priest is almost dead.
The orc priest mumbles some strange prayers to Beogh against you.
Beogh smites you!
You die...

#.... #. #l... #. #....
##.#############....
..............o....
######.#.....<..oo##.)..
.......#..........#####.
.......ooa........#
..[....@°##########
......°.)#
###.###..############
#.......).........#
#..##############.# #>
#.# # #.# #.# #<#


You could see a worker ant, an orc priest and an orc.

Vanquished Creatures
  An ogre (D:4)
  An iguana (D:3)
  3 adders
  A dart slug (D:3)
  A leopard gecko (D:2)
  4 orcs
  2 ball pythons
  4 bats
  3 giant cockroaches
  4 goblins
  8 hobgoblins
  14 jackals
  2 frilled lizards
  8 kobolds
  7 rats
63 creatures vanquished.

Notes
Turn   | Place    | Note
-------+----------+-------------------------------------------
     0 | D:1      | floatRand the Demonspawn Monk began the quest for the Orb.
     0 | D:1      | Reached XP level 1. HP: 18/18 MP: 1/1
     7 | D:1      | Noticed an electric eel
   247 | D:1      | Reached skill level 3 in Unarmed Combat
   879 | D:2      | Gained mutation: You have sharp fingernails. [demonic
                  | ancestry]
   879 | D:2      | Reached XP level 2. HP: 22/24 MP: 0/2
  1091 | D:2      | Gained mutation: You are immune to rotting. [demonic
                  | ancestry]
  1091 | D:2      | Reached XP level 3. HP: 26/29 MP: 3/3
  1156 | D:2      | Reached skill level 4 in Unarmed Combat
  1157 | D:2      | Found a faded altar of an unknown god.
  1743 | D:3      | Found a radiant altar of Vehumet.
  1793 | D:3      | Gained mutation: You may emit foul miasma when damaged in
                  | melee. [demonic ancestry]
  1793 | D:3      | Reached XP level 4. HP: 32/35 MP: 4/4
  1985 | D:3      | Found a stormy altar of Qazlal.
  1986 | D:3      | Found an ornate altar of the Wu Jian Council.
  1987 | D:3      | Found a hide-covered altar of Uskayaw.
  1996 | D:3      | Became a worshipper of Qazlal Stormbringer
  1996 | D:3      | Reached * piety under Qazlal
  1996 | D:3      | Reached ** piety under Qazlal
  2445 | D:4      | Noticed an ogre
  2447 | D:4      | Killed an ogre
  2447 | D:4      | Reached skill level 5 in Unarmed Combat
  2447 | D:4      | Reached XP level 5. HP: 41/41 MP: 4/6
  2752 | D:4      | Killed from afar by an orc priest

Levels and vault maps discovered:
D:1:      arrival_aquarium_a, layout_basic, minivault_26
D:2:      layout_rooms, chequers_ecumenical_altar_island, first_ration,
          grunt_ministairs_1
D:3:      layout_loops_ring, old_standard_altar,
          chequers_temple_overflow_statue_of_worship
D:4:      layout_basic, fedhas_altar_2, nicolae_dithmenos_the_darkroom

Skill      XL: |  1  2  3  4 |
---------------+-------------+-----
Unarmed Combat | 3 4 5 |  5.4
Invocations    | 2 |  2.4
Fighting       | |  3.0
Dodging        | |  2.6
Stealth        | |  1.7

Action                   |  1- 3 |  4- 6 || total
-------------------------+-------+-------++-------
Melee: Unarmed           |   123 |    53 ||   176
       Punch             |     5 |       ||     5
Evoke: Wand              |       |     2 ||     2
  Use: Potion            |     3 |       ||     3
 Stab: Sleeping          |     1 |     1 ||     2
  Eat: Chunk             |     3 |     3 ||     6
Armor: Robe              |    27 |     5 ||    32
Dodge: Dodged            |    97 |    22 ||   119
Block: Other             |       |     5 ||     5

Table legend:
 A = Non-vault XP
 B = Vault XP
 C = Vault XP percentage of total XP
 D = Non-vault monster count
 E = Vault monster count
 F = Vault count percentage of total count
                 A         B        C        D         E       F
            +---------+---------+-------+---------+---------+-------
      Total |     293 |       5 |   1.7 |      61 |       2 |   3.2
            +---------+---------+-------+---------+---------+-------
        D:1 |      25 |       0 |   0.0 |       9 |       0 |   0.0
        D:2 |      58 |       5 |   7.9 |      27 |       2 |   6.9
        D:3 |      85 |       0 |   0.0 |      21 |       0 |   0.0
        D:4 |     125 |       0 |   0.0 |       4 |       0 |   0.0
            +---------+---------+-------+---------+---------+-------
